Map: [TLMC14] Romanticide

Players

DPGCure (Cure) - Winner!

  • Race: Terran Terran
  • League: Master
  • Spawn Location: 11:00

soO

  • Race: Zerg Zerg
  • Spawn Location: 5:00

VOD

Have the link to the VOD?

Description

Cure vs Soo Wardi tournament

Time

  • Played on: Feb. 12, 2020, 8:55 a.m.
  • Length: 13:35
Show
View Real Time Build Order
Export as new Build Order

DPGCure Terran - Winner!

Build Orders: Reaper Expand, Banshee Rush 

Get SALT Encoding   

  12  0:00  SCV  
  13  0:12  SCV  
  14  0:17  Supply Depot  
  14  0:24  SCV  
  15  0:38  SCV  
  15  0:40  Barracks  
  15  0:42  Refinery  
  16  0:50  SCV  
  17  1:02  SCV  
  18  1:15  SCV  
  19  1:26  Reaper  
  19  1:27  Orbital Command  
  20  1:38  Command Center  
  20  1:47  Supply Depot  
  20  1:52  SCV  
  21  1:58  Marine  
  22  2:04  SCV  
  23  2:11  Factory  
  23  2:16  SCV, Refinery  
  23  2:19  Barracks Reactor  
  24  2:29  SCV  
  25  2:41  SCV  
  26  2:49  Orbital Command  
  26  2:53  SCV  
  26  2:55  Starport  
  27  3:01  Hellion x2  
  27  3:02  Barracks Tech Lab  
  27  3:05  SCV  
  32  3:16  SCV  
  32  3:17  SCV  
  34  3:22  Hellion x2  
  38  3:28  Barracks Tech Lab  
  38  3:29  Supply Depot  
  38  3:30  SCV x2  
  40  3:37  Cloaking Field  
  40  3:38  Banshee  
  43  3:45  SCV x2  
  45  3:55  Supply Depot  
  45  3:56  Hellion  
  45  3:57  SCV x2  
  49  4:09  SCV x2  
  51  4:13  Command Center  
  51  4:21  SCV x2  
  51  4:22  Banshee  
  56  4:27  Marine  
  56  4:28  Stimpack  
  56  4:29  Factory Reactor  
  57  4:33  SCV, Supply Depot  
  57  4:34  SCV  
  59  4:45  Barracks, Marine  
  60  4:47  SCV  
  60  4:48  SCV, Barracks  
  62  4:56  Engineering Bay  
  62  4:57  Engineering Bay  
  62  4:59  SCV  
  63  5:00  SCV  
  63  5:03  Marine, Refinery  
  63  5:04  Refinery  
  65  5:09  Supply Depot  
  65  5:12  SCV x2  
  67  5:19  Starport Reactor  
  67  5:20  Marine  
  68  5:23  Terran Infantry Armor Level 1, Terran Infantry Weapons Level 1  
  68  5:24  SCV x2  
  68  5:25  Orbital Command  
  70  5:32  Marine x2  
  72  5:36  SCV x2  
  72  5:37  Siege Tank  
  72  5:38  Marine  
  78  5:44  Marine x2  
  78  5:47  Orbital Command  
  80  5:51  SCV x2  
  82  5:57  Supply Depot  
  82  6:01  Medivac x2  
  82  6:02  Marine x5  
  82  6:03  SCV x2  
  93  6:07  Supply Depot, Combat Shield  
  93  6:08  Supply Depot  
  93  6:19  SCV x3, Siege Tank  
  93  6:21  Marine x2  
  101  6:29  Marine x3  
  101  6:31  SCV x3  
  101  6:32  Barracks x2  
  107  6:33  Armory  
  107  6:37  Supply Depot  
  107  6:39  Marine x2  
  109  6:46  SCV x3, Marine x2  
  109  6:47  Marine  
  112  6:52  Supply Depot x2  
  115  6:57  Marine x2  
  115  6:58  SCV x3  
  120  7:04  Marine x3  
  123  7:12  Medivac  
  123  7:13  Medivac, Siege Tank  
  130  7:16  Refinery, Supply Depot  
  130  7:17  Refinery  
  130  7:18  Supply Depot  
  130  7:19  SCV x3, Barracks Reactor  
  130  7:20  Barracks Reactor  
  133  7:26  Missile Turret  
  133  7:29  Terran Infantry Weapons Level 2  
  133  7:32  Marine x5  
  133  7:36  Missile Turret  
  138  7:38  Terran Infantry Armor Level 2  
  138  7:47  Terran Vehicle And Ship Armor Level 1  
  138  7:49  Marine x2  
  138  7:50  Marine x2  
  142  7:52  Supply Depot  
  142  7:53  Marine  
  132  8:01  Marine x4  
  132  8:03  Siege Tank  
  127  8:07  Marine x4  
  127  8:11  Marine  
  129  8:17  Medivac  
  129  8:19  Marine x4, Supply Depot  
  133  8:20  Factory  
  133  8:25  Marine x4  
  137  8:28  Marine  
  137  8:30  Medivac  
  140  8:37  Marine x4  
  131  8:43  Marine x4  
  131  8:46  Marine  
  125  8:51  Siege Tank  
  125  8:55  Marine x4  
  130  8:57  Command Center  
  130  8:59  SCV x3  
  130  9:01  Marine x2  
  130  9:02  Marine x2  
  135  9:04  Marine, Factory Tech Lab  
  135  9:08  Supply Depot  
  138  9:10  Medivac  
  138  9:11  Supply Depot, Medivac  
  138  9:13  Marine  
  143  9:17  Marine x3  
  143  9:19  Marine x2  
  143  9:20  Marine  
  143  9:23  Siege Tank  
  150  9:31  Marine x2  
  150  9:34  Siege Tank  
  150  9:37  Supply Depot  
  157  9:40  Medivac x2  
  157  9:43  Terran Vehicle And Ship Armor Level 2  
  161  9:51  Barracks  
  161  9:52  Barracks  
  159  9:54  Barracks  
  159  9:56  Siege Tank  
  159  9:57  Marine x6  
  163  10:04  Terran Infantry Weapons Level 3, Terran Infantry Armor Level 3  
  163  10:06  Marine x3  
  166  10:11  SCV x3  
  169  10:17  Marine x5, Siege Tank  
  177  10:30  Marine x4  
  177  10:31  Planetary Fortress, Siege Tank  
  177  10:35  Marine x5  
  189  10:48  Marine x4  
  189  10:49  Siege Tank  
  162  10:52  Medivac x2  
  162  10:53  Marine x5  
  158  11:00  Barracks Tech Lab x3  
  158  11:06  Marine x4  
  158  11:09  Siege Tank  
  158  11:10  Marine x4  
  158  11:11  Marine  
  170  11:21  Siege Tank  
  170  11:22  Sensor Tower  
  170  11:24  Marine x4, Marauder x2  
  161  11:32  Marine x4  
  149  11:35  Medivac  
  149  11:36  Medivac  
  137  11:41  Marine x3, Siege Tank  
  137  11:42  Marine, Marauder x2  
  137  11:45  Marauder  
  137  11:46  Marauder  
  146  11:52  Marine x2  
  146  11:53  Marine x2, Siege Tank  
  150  12:02  Marine x4  
  150  12:03  Marauder x2  
  150  12:07  Medivac, Marauder x2  
  162  12:10  Marine x2  
  162  12:13  Siege Tank  
  167  12:16  Marine x2  
  167  12:19  Marine x4  
  158  12:23  Concussive Shells  
  158  12:25  Marauder x2, Siege Tank  
  158  12:28  Marauder x2  
  154  12:32  Marine x2  
  154  12:34  Marine  
  154  12:39  Medivac  
  154  12:41  Marine x3  
  154  12:42  Marine  
  160  12:45  Siege Tank  
  160  12:46  Marauder x2  
  167  12:51  Marine x3  
  167  12:52  Marine, Marauder x2  
  167  12:57  Siege Tank  
  167  12:59  Marine x4  
  167  13:07  Marauder x2  
  167  13:09  Marine x3  
  178  13:14  Marine x2  
  178  13:17  Marine x2  
Show
View Real Time Build Order
Export as new Build Order

soO Zerg 

Build Orders: Pool First 

Get SALT Encoding   

  12  0:01  Drone  
  13  0:12  Overlord  
  13  0:16  Drone  
  14  0:30  Drone x2  
  16  0:39  Spawning Pool  
  15  0:44  Drone  
  15  0:47  Drone  
  17  1:09  Hatchery  
  17  1:10  Drone  
  17  1:14  Drone  
  18  1:25  Extractor  
  17  1:26  Zergling x2  
  17  1:27  Zergling x2  
  17  1:31  Queen  
  21  1:38  Overlord  
  21  1:48  Drone  
  22  2:00  Drone  
  23  2:07  Queen  
  25  2:10  Drone  
  26  2:21  Drone, Queen  
  26  2:22  Drone  
  30  2:32  Drone x2  
  32  2:39  Hatchery  
  32  2:41  Drone  
  32  2:47  Metabolic Boost  
  32  2:50  Drone  
  33  2:53  Drone  
  34  2:59  Overlord  
  34  3:04  Drone  
  34  3:05  Drone  
  36  3:19  Drone x4, Queen  
  42  3:23  Drone  
  42  3:24  Overlord  
  43  3:29  Drone  
  44  3:43  Drone  
  44  3:44  Drone  
  44  3:46  Zergling x6  
  44  3:48  Overlord  
  48  3:49  Drone x3  
  48  3:52  Lair  
  48  3:54  Queen  
  53  4:02  Overlord  
  53  4:03  Queen  
  53  4:05  Drone  
  53  4:06  Drone  
  57  4:12  Drone x2  
  57  4:14  Spore Crawler  
  59  4:17  Drone x2  
  59  4:19  Spore Crawler  
  59  4:20  Spore Crawler  
  59  4:23  Drone x2  
  60  4:25  Drone  
  60  4:29  Drone  
  60  4:30  Baneling Nest  
  61  4:37  Zergling x4  
  63  4:39  Drone  
  63  4:40  Drone x3  
  63  4:43  Extractor  
  63  4:45  Drone, Extractor  
  66  4:47  Drone x3  
  66  4:52  Overseer  
  69  4:55  Drone x2, Overseer  
  69  4:59  Drone  
  72  5:02  Overlord  
  72  5:05  Drone x2  
  72  5:06  Overlord  
  74  5:10  Overlord  
  74  5:11  Extractor  
  74  5:13  Drone  
  74  5:14  Extractor  
  74  5:15  Drone, Overlord  
  74  5:22  Drone x6, Evolution Chamber  
  74  5:23  Evolution Chamber  
  74  5:24  Drone  
  74  5:28  Centrifical Hooks  
  79  5:32  Drone  
  79  5:34  Drone x2  
  82  5:44  Drone  
  82  5:48  Drone  
  82  5:54  Drone  
  82  5:55  Zerg Melee Weapons Level 1, Zerg Ground Armor Level 1  
  82  5:56  Drone  
  83  5:57  Drone x3, Hatchery  
  83  5:59  Drone x3  
  83  6:01  Drone  
  83  6:02  Drone x2  
  87  6:10  Drone x2  
  89  6:13  Hydralisk Den  
  88  6:22  Zergling x14  
  93  6:25  Overlord  
  93  6:31  Hatchery  
  92  6:34  Zergling x4  
  92  6:36  Baneling x6  
  94  6:41  Zergling x14  
  99  6:47  Muscular Augments  
  99  6:49  Drone x2  
  99  6:51  Baneling x5  
  101  6:54  Drone x3  
  101  6:55  Drone  
  101  6:58  Overlord  
  105  7:15  Spore Crawler  
  104  7:16  Overlord  
  104  7:18  Hydralisk x8  
  120  7:29  Overlord  
  118  7:32  Drone x2  
  118  7:34  Overlord  
  118  7:37  Drone x7, Spore Crawler  
  126  7:46  Drone x2  
  126  7:47  Drone x2  
  126  7:48  Hydralisk x6  
  126  7:50  Zerg Ground Armor Level 2  
  142  7:53  Drone  
  142  7:54  Drone  
  142  7:58  Grooved Spines, Hydralisk x3  
  137  8:03  Zergling x8  
  136  8:10  Baneling x7  
  136  8:11  Zergling x10  
  141  8:18  Zergling x16  
  148  8:28  Zergling x2  
  148  8:30  Overlord  
  148  8:33  Overlord  
  149  8:39  Overlord  
  149  8:40  Zergling x14  
  149  8:41  Zergling x2  
  147  8:46  Drone  
  147  8:47  Drone x4  
  145  8:57  Hatchery  
  145  9:00  Hatchery, Zergling x14  
  145  9:02  Baneling x11  
  151  9:05  Zergling x6  
  151  9:06  Extractor  
  151  9:08  Extractor  
  152  9:15  Zergling x14  
  159  9:17  Pneumatized Carapace  
  155  9:28  Zergling x10  
  160  9:31  Drone x2  
  160  9:36  Infestation Pit  
  161  9:39  Zergling x8  
  161  9:40  Zergling x10  
  168  10:04  Zergling x12  
  174  10:08  Overlord x2  
  174  10:09  Overlord  
  174  10:13  Hive  
  174  10:18  Drone x2  
  174  10:20  Baneling x8  
  176  10:22  Baneling  
  176  10:23  Baneling x3  
  176  10:29  Drone  
  176  10:32  Zergling x34  
  194  10:39  Zergling x12  
  198  10:49  Hydralisk, Zergling x8  
  165  10:50  Hydralisk x2, Zergling x2  
  165  10:51  Zergling x16  
  152  10:57  Hydralisk x5  
  152  10:59  Baneling x13  
  152  11:02  Hydralisk x3  
  152  11:04  Baneling x14  
  168  11:08  Zergling x18  
  176  11:13  Zergling x6  
  176  11:14  Zergling x2  
  179  11:20  Hydralisk  
  179  11:21  Hydralisk x3  
  167  11:27  Hydralisk x2, Zergling x4  
  167  11:28  Hydralisk x3  
  167  11:31  Hydralisk x4  
  167  11:32  Hydralisk  
  163  11:35  Hydralisk  
  163  11:37  Hydralisk x2  
  145  11:40  Hydralisk  
  145  11:41  Hydralisk  
  138  11:47  Zergling x2  
  138  11:48  Zergling x2  
  138  11:51  Baneling x4  
  140  11:58  Viper x2  
  140  12:03  Zergling x2  
  140  12:04  Zergling x14  
  148  12:09  Zergling x6  
  148  12:11  Hatchery  
  148  12:15  Zergling x6  
  153  12:19  Hydralisk x2  
  153  12:21  Hydralisk  
  135  12:25  Hydralisk x2  
  117  12:34  Hydralisk x5, Baneling x8  
  125  12:40  Hydralisk x2  
  125  12:41  Zergling x4  
  128  12:45  Zergling x2  
  128  12:49  Zergling x4  
  125  12:59  Hydralisk x4  
  125  13:05  Hydralisk x2  
  119  13:14  Zergling x6  
  119  13:15  Zergling x2  
Tags
 
Add a new tag
Caveats
  • Supply blocks, unpowered buildings, or Contaminate may cause inaccurate times.
  • Supply counts are checked every 10 seconds.